 Dungeon Crawl Stone Soup version 0.22-a0-367-gb72a975 (webtiles) character file.

3468 khargal the Blocker (level 10, -2/59 HPs)
             Began as a Gargoyle Fighter on Apr 22, 2018.
             Was an Initiate of the Shining One.
             Slain by a death yak (20 damage)
             ... on level 9 of the Dungeon.
             The game lasted 00:14:42 (7022 turns).

khargal the Blocker (Gargoyle Fighter)              Turns: 7022, Time: 00:14:43

Health: -2/59      AC: 21    Str: 23    XL:     10   Next: 6%
Magic:  11/11      EV:  9    Int:  8    God:    the Shining One [......]
Gold:   381        SH: 11    Dex: 10    Spells: 9/9 levels left

rFire    + . .     SeeInvis .   x - +1 whip (freeze)
rCold    . . .     Gourm    .   c - +0 shield
rNeg     + . .     Faith    .   B - +1 chain mail
rPois    ∞         Spirit   .   (no helmet)
rElec    +         Reflect  .   l - scarf {repulsion}
rCorr    .         Harm     .   i - +0 pair of gloves
MR       .....                  F - +0 pair of boots
Stlth    ..........             (no amulet)
HPRegen  0.19/turn              r - ring of protection from fire
MPRegen  0.12/turn              (no ring)

@: glowing, repel missiles
A: hooves 1, repulsion field 1, negative energy resistance 1, screaming 1,
electricity resistance, unbreathing, petrification resistance, rot immunity,
subdued magic 1, AC +7
a: Renounce Religion


You were on level 9 of the Dungeon.
You worshipped the Shining One.
The Shining One was noncommittal.
You were not hungry.

You visited 2 branches of the dungeon, and saw 9 of its levels.

You collected 381 gold pieces.

Inventory:

Hand Weapons
 a - a +0 flail
 v - a +0 whip
 x - a +1 whip of freezing (weapon)
 z - a +2 whip of venom
Armour
 b - a +2 buckler
 c - a +0 shield (worn)
 i - a +0 pair of gloves (worn)
 l - a scarf of repulsion (worn)
 B - a +1 chain mail (worn)
 F - a +0 pair of boots (worn)
Jewellery
 r - a ring of protection from fire (left hand)
Wands
 m - a wand of random effects (26)
 p - a wand of iceblast (7)
 A - a wand of flame (22)
Scrolls
 e - 4 scrolls of remove curse
 h - a scroll of blinking
 k - 2 scrolls of immolation
 n - a scroll of noise
 o - 3 scrolls of fear
 q - 3 scrolls of teleportation
 E - 2 scrolls of amnesia
 H - 2 scrolls of identify
Potions
 d - 6 potions of might
 g - 4 potions of curing
 j - a potion of invisibility
 s - a potion of brilliance
 t - a potion of magic
 u - a potion of ambrosia
 w - a potion of berserk rage
 C - a potion of haste
 D - a potion of resistance
 K - a potion of agility
 L - a potion of flight
Comestibles
 f - 18 rations


   Skills:
 - Level 5.0 Fighting
 + Level 9.2 Maces & Flails
 + Level 7.4 Armour
 + Level 9.3 Shields
 * Level 2.2 Invocations


You had 9 spell levels left.
You didn't know any spells.

Dungeon Overview and Level Annotations

Branches:
Dungeon (7/15)             Temple (1/1) D:7            Lair (0/6) D:9

Altars:
Ashenzari
Cheibriados
Dithmenos
Elyvilon
Fedhas
Gozag
Hepliaklqana
Kikubaaqudgha
Makhleb
Nemelex Xobeh
Okawaru
Qazlal
Ru
Trog
Uskayaw
Vehumet
Wu Jian
Xom
Yredelemnul
Zin
The Shining One


Innate Abilities, Weirdness & Mutations

You are resistant to torment.
Your stone body is resilient. (AC +7)
You are immune to poison.
You resist negative energy. (rN+)
You are resistant to electric shocks. (rElec)
You can survive without breathing.
You are immune to petrification.
You are immune to rotting.
You have large cloven feet.
You are surrounded by a mild repulsion field. (EV +2)
You occasionally shout uncontrollably at your foes.
Your spells are a little easier to cast, but a little less powerful.


Message History

You hit the death yak. You freeze the death yak.
The death yak is lightly wounded.
Your chain mail prevents you from hitting the death yak.
The death yak is lightly wounded.
You block the death yak's attack. The death yak gores you!
You are too injured to fight recklessly!
You are too injured to fight recklessly!
You are too injured to fight recklessly!
You are too injured to fight recklessly!
You are too injured to fight recklessly!
You are too injured to fight recklessly!
The death yak barely misses you. The death yak completely misses you.
The death yak gores you.
* * * LOW HITPOINT WARNING * * *
Found a cloak.
Found a staircase to the Lair.
Found a scroll of immolation.
There is a stone staircase leading up here.
You block the death yak's attack. The death yak gores you!!
You die...

##..#################
>......................#
.............?.........#
......................?#
#########..............#
###..............#
#...........[....#
#.#......Y.......#
........#....Y@......#
..........############
..#.......# ....#.....#
....##....# ... .....##
.. >....#


You could see 2 death yaks.

Vanquished Creatures
  Pikel (D:5)
  Prince Ribbit (D:6)
  Sigmund (D:3)
  3 yaks (D:9)
  A spriggan (D:9)
  The ghost of Feta the Charmwright, an amateur GnSk (D:3)
  A slave (D:5)
  A black bear (D:4)
  2 phantoms
  A centaur (D:6)
  An ogre (D:6)
  A crocodile (D:7)
  A big kobold (D:4)
  3 bullfrogs
  A wyvern skeleton (D:7)
  3 wights (D:7)
  A howler monkey (D:6)
  3 crimson imps
  2 hounds (D:5)
  A jelly (D:6)
  A bullfrog skeleton (D:6)
  3 orc priests
  4 centaur skeletons
  2 orc wizards
  Terence (D:3)
  2 iguanas (D:7)
  6 worker ants
  A hound zombie (D:5)
  3 gnolls (D:7)
  8 adders
  A shadow imp (D:6)
  An ooze (D:4)
  3 adder zombies
  An adder skeleton (D:5)
  3 worms
  2 dart slugs
  2 leopard geckos
  27 orcs
  3 ball pythons
  4 giant cockroaches
  5 goblins
  6 hobgoblins
  12 jackals
  4 kobolds
  4 quokkas
  A frilled lizard (D:5)
  A leopard gecko skeleton (D:5)
  5 rats
146 creatures vanquished.

Notes
Turn   | Place    | Note
-------+----------+-------------------------------------------
     0 | D:1      | khargal the Gargoyle Fighter began the quest for the Orb.
     0 | D:1      | Reached XP level 1. HP: 14/14 MP: 1/1
   658 | D:2      | Reached XP level 2. HP: 17/19 MP: 2/2
   717 | D:2      | Reached XP level 3. HP: 5/23 MP: 3/3
  1110 | D:2      | Found a sparkling altar of Nemelex Xobeh.
  1880 | D:3      | Noticed Terence
  1896 | D:3      | Killed Terence
  1896 | D:3      | Reached XP level 4. HP: 15/29 MP: 4/4
  1902 | D:3      | Noticed Feta's ghost (amateur GnSk)
  1924 | D:3      | Killed Feta's ghost
  1924 | D:3      | Reached XP level 5. HP: 11/33 MP: 5/5
  2062 | D:3      | Noticed Sigmund
  2079 | D:3      | Killed Sigmund
  2079 | D:3      | Reached XP level 6. HP: 31/39 MP: 6/6
  2198 | D:3      | Found an opulent altar of Gozag.
  2606 | D:4      | Reached skill level 5 in Maces & Flails
  2606 | D:4      | Reached skill level 5 in Shields
  2606 | D:4      | Reached XP level 7. HP: 43/44 MP: 7/7
  2668 | D:4      | Reached skill level 5 in Armour
  3126 | D:4      | Found a bloodstained altar of Trog.
  3126 | D:4      | Found a white marble altar of Elyvilon.
  3304 | D:5      | Entered Level 5 of the Dungeon
  3733 | D:5      | Reached XP level 8. HP: 48/48 MP: 8/8
  3812 | D:5      | Reached skill level 5 in Fighting
  3813 | D:5      | HP: 1/49 [orc priest/divine providence (13)]
  4045 | D:5      | Noticed Pikel
  4076 | D:5      | Killed Pikel
  4434 | D:6      | Reached XP level 9. HP: 54/54 MP: 9/9
  4873 | D:6      | Noticed Prince Ribbit
  4901 | D:6      | Killed Prince Ribbit
  5831 | D:7      | Found a staircase to the Ecumenical Temple.
  5875 | Temple   | Entered the Ecumenical Temple
  6024 | Temple   | Became a worshipper of the Shining One
  6514 | D:7      | You fall through a shaft for 2 floors!
  6548 | D:9      | Reached skill level 1 in Invocations
  6592 | D:9      | Reached XP level 10. HP: 7/59 MP: 11/11
  6627 | D:9      | Gained mutation: You occasionally shout uncontrollably at your foes. [potion of mutation]
  6627 | D:9      | Gained mutation: You possess an exceptional clarity of mind. [potion of mutation]
  6628 | D:9      | Lost mutation: You possess an exceptional clarity of mind. [potion of mutation]
  6628 | D:9      | Lost mutation: You occasionally shout uncontrollably at your foes. [potion of mutation]
  6628 | D:9      | Gained mutation: You are surrounded by a mild repulsion field. (EV +2) [potion of mutation]
  6628 | D:9      | Gained mutation: Your spells are a little easier to cast, but a little less powerful. [potion of mutation]
  6628 | D:9      | Gained mutation: You occasionally shout uncontrollably at your foes. [potion of mutation]
  6628 | D:9      | Gained mutation: You have large cloven feet. [potion of mutation]
  6915 | D:9      | Found an ancient bone altar of Kikubaaqudgha.
  7001 | D:9      | Noticed a death yak
  7002 | D:9      | Noticed a death yak
  7018 | D:9      | Found a staircase to the Lair.
  7022 | D:9      | Slain by a death yak

Vault maps used:
D:1:      lordsloth_arrival_two_stooges, nrook_mini_backslash
D:2:      lemuel_round_altar, serial_forest, infiniplex_forest_lined_room_2,
          infiniplex_forest_clump_double, infiniplex_forest_clump_double,
          infiniplex_forest_clump_curved, serial_bayou_crossing
D:3:      lemuel_doored_altar, uniq_sigmund, uniq_terence
D:4:      black_bear_nest_2, chequers_temple_overflow_statue_of_worship
D:5:      first_ration, uniq_pikel
D:6:      uniq_prince_ribbit1
D:7:      minmay_temple_entry_enclosed_plants
D:9:      led_sif_book, kennysheep_little_box, dpeg_lair_monsters, the_bakery
Temple:   nicolae_temple_elliptical

Skill      XL: |  1  2  3  4  5  6  7  8  9 10 |
---------------+-------------------------------+-----
Armour         | 4 5 6 7 |  7.4
Shields        | 4 5 7 9 |  9.3
Fighting       | 4 5 |  5.0
Maces & Flails | 3 4 5 7 9 |  9.2
Invocations    | 1 2 |  2.2

Action                   |  1- 3 |  4- 6 |  7- 9 | 10-12 || total
-------------------------+-------+-------+-------+-------++-------
Melee: Flail             |   110 |   118 |       |       ||   228
       Whip              |       |       |   725 |    40 ||   765
  Use: Scroll            |    11 |       |     5 |     5 ||    21
       Potion            |     1 |       |     3 |     2 ||     6
  Eat: Chunk             |     3 |     2 |    14 |     2 ||    21
Armor: Scale mail        |    69 |    49 |   115 |       ||   233
       Chain mail        |       |       |   202 |     9 ||   211
Dodge: Dodged            |    47 |    26 |   146 |    12 ||   231
       Deflected         |       |     3 |     5 |       ||     8
Block: Shield            |    56 |    62 |   353 |    12 ||   483

Table legend:
 A = Spawn XP
 B = Non-spawn XP
 C = Spawn XP percentage of total XP
 D = Spawn monster count
 E = Non-spawn monster count
 F = Spawn count percentage of total count
 G = Total turns spent on level
                    A         B        C        D         E        F      G
               +---------+---------+-------+---------+---------+-------+---------
         Total |       0 |    4955 |   0.0 |       0 |     145 |   0.0 |  7022
               +---------+---------+-------+---------+---------+-------+---------
           D:1 |       0 |       9 |   0.0 |       0 |       5 |   0.0 |   629
           D:2 |       0 |      39 |   0.0 |       0 |      15 |   0.0 |  1143
           D:3 |       0 |     526 |   0.0 |       0 |      21 |   0.0 |   636
           D:4 |       0 |     320 |   0.0 |       0 |      18 |   0.0 |   896
           D:5 |       0 |    1329 |   0.0 |       0 |      31 |   0.0 |  1010
           D:6 |       0 |    1132 |   0.0 |       0 |      19 |   0.0 |   858
           D:7 |       0 |     692 |   0.0 |       0 |      28 |   0.0 |  1152
           D:9 |       0 |     908 |   0.0 |       0 |       8 |   0.0 |   508
               +---------+---------+-------+---------+---------+-------+---------
